Map: Tokamak LE

Players

IlIlIlIlIlII

  • Race: Terran Terran
  • League: Diamond
  • Spawn Location: 7:00

RaiDen - Winner!

  • Race: Protoss Protoss
  • League: Diamond
  • Spawn Location: 1:00

VOD

Have the link to the VOD?

Description

Time

  • Played on: July 28, 2025, 6:28 p.m.
  • Length: 14:36
Show
View Real Time Build Order
Export as new Build Order

IlIlIlIlIlII Terran 

Build Orders:  

Get SALT Encoding   

  12  0:11  Supply Depot  
  12  0:35  Barracks  
  12  0:37  Barracks  
  12  0:41  SCV  
  13  0:53  SCV  
  14  1:05  SCV  
  15  1:17  SCV  
  16  1:26  Marine x2  
  16  1:29  Orbital Command  
  18  1:40  Supply Depot  
  18  1:43  Marine  
  18  1:44  Marine  
  20  1:56  SCV  
  21  2:01  Marine x2  
  23  2:09  SCV  
  24  2:16  Command Center  
  24  2:22  Bunker  
  24  2:25  SCV  
  25  2:37  SCV  
  25  2:38  Refinery  
  25  2:43  Marine x2  
  28  2:51  Refinery, SCV  
  27  3:01  Supply Depot, Marine  
  27  3:03  SCV  
  27  3:06  Marine  
  28  3:15  SCV  
  29  3:23  Marine  
  29  3:26  Marine  
  31  3:27  SCV  
  31  3:32  Orbital Command  
  32  3:39  Factory, SCV  
  33  3:43  Marine  
  33  3:47  Marine  
  35  3:51  SCV  
  36  3:57  Bunker  
  36  4:01  Marine  
  37  4:03  SCV  
  37  4:04  Marine  
  39  4:15  SCV  
  40  4:18  Marine  
  40  4:22  Supply Depot  
  41  4:24  Engineering Bay  
  41  4:27  Starport, SCV, Factory Tech Lab  
  41  4:28  SCV  
  43  4:35  Engineering Bay  
  43  4:38  Marine  
  44  4:39  Barracks Tech Lab  
  44  4:40  SCV  
  44  4:41  SCV  
  46  4:47  Siege Tank  
  49  4:55  Marine, SCV x2  
  52  5:02  Stimpack  
  52  5:05  Medivac  
  54  5:07  SCV  
  54  5:09  Refinery  
  54  5:10  SCV  
  54  5:11  Marine  
  54  5:13  Refinery  
  57  5:17  Supply Depot  
  57  5:19  SCV  
  58  5:22  SCV  
  59  5:31  SCV  
  59  5:35  Missile Turret  
  54  5:52  SCV x2  
  56  6:04  Marine x2, SCV x2  
  57  6:05  Medivac  
  57  6:07  Terran Infantry Weapons Level 1  
  57  6:08  Terran Infantry Armor Level 1  
  62  6:16  SCV  
  63  6:19  Siege Tank  
  63  6:20  SCV  
  63  6:21  Marine  
  68  6:26  Missile Turret  
  68  6:28  SCV  
  69  6:33  SCV  
  69  6:35  Infernal Pre-Igniter  
  69  6:36  Armory  
  69  6:37  Starport Reactor  
  70  6:42  SCV  
  70  6:43  Marine  
  70  6:45  Marine  
  68  7:00  SCV x2  
  70  7:04  Barracks Reactor  
  70  7:11  Barracks  
  70  7:12  Barracks  
  70  7:14  Barracks  
  70  7:29  Missile Turret  
  70  7:34  Marine  
  70  7:35  SCV x2  
  73  7:37  Supply Depot  
  73  7:39  Supply Depot  
  73  7:43  Supply Depot  
  73  7:44  Supply Depot  
  73  7:46  Medivac x2  
  73  7:47  SCV  
  78  7:51  Factory  
  78  7:55  Terran Vehicle And Ship Armor Level 1  
  78  7:57  Combat Shield  
  78  7:58  Marine, SCV  
  78  7:59  Hellion, SCV  
  78  8:05  Barracks Reactor x2  
  83  8:07  Barracks Reactor  
  83  8:09  Terran Infantry Weapons Level 2  
  83  8:10  SCV  
  83  8:12  Terran Infantry Armor Level 2  
  84  8:16  Marine  
  85  8:23  Medivac  
  87  8:30  Marine x2  
  87  8:33  Hellion  
  91  8:35  Factory Reactor  
  91  8:39  SCV x2  
  91  8:40  Supply Depot  
  93  8:45  Marine x6  
  93  8:46  Marine  
  93  8:48  Marine  
  70  9:22  Marine x4  
  70  9:23  Marine x5  
  75  9:24  Hellion  
  68  9:37  Hellion x2  
  70  9:40  Marine x4  
  70  9:41  Marauder, Marine x3  
  81  9:45  Hellion  
  81  9:52  Missile Turret  
  81  9:54  Missile Turret  
  81  9:55  Marine  
  81  9:58  Marine x2  
  84  10:09  Marine x5  
  68  10:51  Marine x8  
  68  10:52  Marine  
  75  11:08  Marine  
  75  11:09  Marine x5  
  75  11:10  Marine  
  75  11:11  Marine x2  
  84  11:26  Marine  
  84  11:29  Marine  
  84  11:30  Marine x2  
  88  11:37  Medivac x2  
  92  11:52  Marine x3  
  92  11:53  Marine x3  
  65  12:43  Hellion x3, Viking x2  
  72  12:55  Marine x2  
  72  12:57  Marine  
  74  13:04  Hellion  
  69  13:24  Viking  
  71  13:32  Viking  
  73  13:40  Missile Turret  
  73  13:54  Hellion, Viking  
  77  14:00  Missile Turret  
Show
View Real Time Build Order
Export as new Build Order

RaiDen Protoss - Winner!

Build Orders:  

Get SALT Encoding   

  12  0:00  Probe  
  13  0:12  Probe  
  14  0:18  Pylon  
  14  0:24  Probe  
  15  0:33  Probe  
  15  0:39  Gateway  
  15  0:42  Probe  
  16  0:44  Assimilator  
  17  0:53  Probe  
  18  1:05  Probe  
  19  1:12  Pylon  
  19  1:17  Probe  
  20  1:27  Cybernetics Core  
  20  1:29  Probe  
  21  1:35  Assimilator  
  21  1:51  Stalker  
  21  1:54  Nexus  
  23  2:12  Probe  
  24  2:16  Gateway  
  24  2:19  Stalker  
  24  2:27  Warp Gate  
  26  2:40  Pylon  
  26  2:46  Stalker  
  28  3:02  Pylon  
  28  3:06  Stalker  
  28  3:10  Pylon  
  30  3:14  Probe x2  
  30  3:19  Stalker  
  34  3:33  Stargate  
  34  3:35  Probe  
  35  3:41  Shield Battery  
  35  3:43  Probe  
  35  3:47  Probe  
  37  3:53  Probe  
  37  3:57  Probe  
  37  4:01  Probe  
  39  4:05  Probe  
  41  4:10  Probe  
  41  4:13  Twilight Council  
  41  4:14  Probe  
  42  4:21  Oracle  
  42  4:24  Probe  
  47  4:26  Probe  
  48  4:36  Probe  
  49  4:38  Probe  
  49  4:43  Blink  
  50  4:48  Nexus  
  50  4:53  Probe  
  50  4:54  Probe  
  52  5:05  Probe  
  52  5:07  Probe  
  54  5:08  Assimilator  
  54  5:11  Assimilator  
  54  5:13  Templar Archives  
  54  5:17  Probe  
  54  5:18  Pylon  
  54  5:19  Probe  
  56  5:24  Pylon  
  56  5:29  Probe  
  56  5:31  Probe  
  58  5:41  Probe  
  59  5:43  Probe  
  59  5:48  Psionic Storm  
  60  5:52  Stalker x2  
  60  5:53  Probe  
  60  5:57  Gateway x2  
  65  6:00  Gateway  
  65  6:01  Probe  
  66  6:10  Pylon  
  66  6:13  Probe, Shield Battery  
  66  6:15  Probe x2  
  69  6:20  Stalker  
  69  6:21  Stalker  
  69  6:22  Charge  
  69  6:25  Probe  
  74  6:31  Probe x2  
  76  6:32  Pylon  
  76  6:37  Probe  
  77  6:52  Stalker  
  77  6:53  Stalker x2  
  83  6:54  Zealot x2  
  87  7:01  Gateway  
  87  7:03  Probe x3  
  87  7:04  Gateway  
  87  7:05  Gateway  
  90  7:15  Probe  
  91  7:16  Pylon  
  91  7:17  Probe  
  91  7:18  Pylon, Probe, Assimilator  
  91  7:19  Assimilator  
  91  7:20  Pylon  
  91  7:21  High Templar  
  91  7:22  High Templar x2  
  99  7:23  Zealot  
  101  7:40  Robotics Facility  
  101  7:45  Probe  
  101  7:46  Probe x2  
  104  7:53  High Templar  
  104  7:54  Zealot x4  
  114  7:59  Zealot x2  
  114  8:00  Nexus  
  114  8:01  Pylon  
  114  8:05  Gateway  
  118  8:08  Probe x2  
  118  8:09  Probe  
  118  8:10  Robotics Facility  
  121  8:15  Pylon  
  121  8:26  Gateway, Zealot x2  
  125  8:27  Zealot  
  125  8:28  Gateway  
  127  8:43  High Templar x3  
  124  9:05  Zealot x3  
  124  9:06  Zealot x2  
  124  9:09  Observer, Warp Prism  
  114  9:19  Robotics Bay  
  114  9:22  Zealot x3  
  114  9:23  Probe x3  
  105  9:27  Warp Prism  
  97  9:35  Probe x3  
  92  9:41  Probe  
  92  9:43  Probe x3  
  93  9:49  Probe  
  93  9:51  Probe x2  
  93  9:52  Probe  
  96  9:53  Shield Battery  
  96  9:58  Stalker x2  
  96  9:59  Probe, Stalker x4  
  113  10:07  Colossus  
  113  10:10  Probe  
  113  10:11  Probe  
  113  10:12  Probe  
  123  10:14  Probe  
  123  10:23  Probe x2  
  109  10:38  Zealot  
  109  10:39  Zealot x3  
  109  10:40  Zealot x4  
  115  10:47  Colossus  
  76  11:00  High Templar x2  
  76  11:01  High Templar x2  
  76  11:02  High Templar x2  
  76  11:03  Zealot  
  87  11:06  Archon x2  
  87  11:07  Archon  
  87  11:12  Extended Thermal Lance  
  87  11:16  Colossus  
  87  11:17  Forge  
  87  11:18  Forge  
  87  11:19  Probe x3  
  87  11:20  Probe  
  91  11:31  Probe x2  
  91  11:32  Protoss Ground Weapons Level 1, Probe x2, High Templar  
  101  11:33  Protoss Ground Armor Level 1, High Templar  
  101  11:37  Stalker  
  101  11:38  Stalker  
  109  11:43  Probe  
  109  11:44  Probe x2  
  109  11:45  Probe  
  113  11:49  Observer, Colossus  
  119  12:00  Probe x2  
  119  12:01  Probe x2  
  123  12:12  Probe  
  123  12:15  Zealot x7  
  114  12:37  Zealot  
  114  12:38  Zealot x6  
  114  12:39  Zealot  
  130  12:44  Probe  
  129  12:57  Probe  
  122  13:04  Stalker x2  
  122  13:05  Stalker x2  
  129  13:15  Probe x3  
  129  13:16  Probe  
  129  13:19  Nexus  
  133  13:22  Pylon  
  132  13:48  Stalker  
  132  13:49  Stalker x6  
  132  13:50  Stalker  
  154  13:59  Probe x3  
  147  14:21  Stalker x3  
  147  14:22  Stalker x4  
Tags
 
Add a new tag
Caveats
  • Supply blocks, unpowered buildings, or Contaminate may cause inaccurate times.
  • Supply counts are checked every 10 seconds.